 Dungeon Crawl Stone Soup version 0.23.0-3-gf3c87f2 (webtiles) character file.

Game seed: 16603563308726518757

51 Irenicus the Chopper (level 3, 0/33 HPs)
             Began as a Deep Dwarf Monk on Feb 23, 2019.
             Slain by an orc
             ... wielding a +0 flail
              (6 damage)
             ... on level 3 of the Dungeon.
             The game lasted 00:05:37 (905 turns).

Irenicus the Chopper (Deep Dwarf Monk)               Turns: 905, Time: 00:05:38

Health: 0/33       AC:  5    Str: 14    XL:     3   Next: 58%
Magic:  3/3        EV: 13    Int: 10    God:
Gold:   123        SH:  0    Dex: 16    Spells: 2/2 levels left

rFire    . . .     SeeInvis .   a - +0 hand axe
rCold    . . .     Gourm    .   (no shield)
rNeg     . . .     Faith    .   e - +0 leather armour (curse)
rPois    .         Spirit   .   h - +0 helmet (curse)
rElec    .         Reflect  .   j - +0 cloak
rCorr    .         Harm     .   (no gloves)
MR       .....                  (no boots)
Stlth    ++........             k - amulet of magic regeneration
HPRegen  0.00/turn              (no ring)
MPRegen  0.33/turn              (no ring)

@: non-regenerating
A: damage resistance, heal wounds, sense surroundings 1, no regeneration
a: Heal Wounds


You were on level 3 of the Dungeon.
You were not hungry.

You visited 1 branch of the dungeon, and saw 3 of its levels.

You collected 123 gold pieces.

Inventory:

Hand Weapons
 a - a +0 hand axe (weapon)
Armour
 e - a cursed +0 leather armour (worn)
   (You found it on level 1 of the Dungeon)
 h - a cursed +0 helmet (worn)
   (You found it on level 2 of the Dungeon)
 j - a +0 cloak (worn)
   (You found it on level 2 of the Dungeon)
Jewellery
 k - an amulet of magic regeneration (around neck)
   (You found it on level 2 of the Dungeon)
Scrolls
 b - a scroll of remove curse {unknown}
 d - 8 scrolls of teleportation {unknown}
 f - a scroll of noise {unknown}
 g - 2 scrolls of identify {unknown}
Potions
 i - a potion of mutation {unknown}
 l - 2 potions of curing {unknown}
Comestibles
 c - 6 rations


   Skills:
 - Level 2.6 Fighting
 + Level 5.1 Axes
 - Level 3.2 Dodging
 - Level 2.4 Stealth


You had 2 spell levels left.
You didn't know any spells.
Your spell library was empty.

Dungeon Overview and Level Annotations

Branches:
Dungeon (3/15)

Altars:
Elyvilon
Nemelex Xobeh
Wu Jian


Innate Abilities, Weirdness & Mutations

You are resistant to damage.
You can heal yourself by infusing magical energy.
You passively map a small area around you.
You do not regenerate.


Message History

Wear which item? (? for menu, Esc to quit)
You start putting on your armour.
You continue putting on your cloak. x4
You finish putting on your +0 cloak. 2 kobolds come into view.
The kobold shouts!
The kobold throws a stone.
The stone hits you but does no damage.
You see here a stone.
The kobold throws a stone.
The stone barely misses you.
The kobold throws a stone.
The stone misses you. The kobold hits you but does no damage.
You closely miss the kobold. The kobold misses you.
You closely miss the kobold.
The kobold hits you with a +0 short sword.
A worm comes into view.
You hit the kobold.
You kill the kobold!
Your Axes skill increases to level 5!
You barely miss the kobold. The kobold barely misses you.
You hit the kobold.
The kobold hits you with a +0 short sword.
The kobold barely misses you.
You take 1 damage, and have 22/33 hp.
You hit the kobold. The kobold misses you.
You miss the kobold. The kobold misses you.
You hit the kobold but do no damage. The kobold completely misses you.
You hit the kobold but do no damage. The kobold misses you.
You closely miss the kobold. The kobold hits you but does no damage.
You hit the kobold.
You kill the kobold!
You see here a +0 short sword.
You hit the worm but do no damage. You hit the worm.
You hit the worm but do no damage.
The worm splashes around in the water.
You hit the worm. You barely miss the worm. The worm closely misses you.
You hit the worm. The worm barely misses you.
You completely miss the worm. You hit the worm.
The worm splashes around in the water.
You slash the worm! The worm misses you.
You hit the worm.
You kill the worm!
There is a fountain of clear blue water here.
You now have 95 gold pieces (gained 17).
k - a triangular amethyst amulet
There is a stone staircase leading down here.
You climb downwards.
There is a stone staircase leading up here.
Put on which piece of jewellery? (? for menu, Esc to quit)
The amulet hums as it attunes itself to your energized body.
k - an amulet of magic regeneration (around neck)
A quokka comes into view.
You see here a dark potion.
Drop what? 11/52 slots (_ for help) (? for menu, Esc to quit)
Okay, then.
l - a dark potion You hit the quokka.
You kill the quokka!
You see here a quokka corpse.
Found a stone staircase leading up.
There is a stone staircase leading up here.
You now have 109 gold pieces (gained 14).
A kobold comes into view.
The helpless kobold fails to defend itself.
You hit the kobold.
You kill the kobold!
The floor.
Really walk into that dispersal trap?
You enter a dispersal trap!
You blink.
Really walk into that dispersal trap?
You enter a dispersal trap!
You blink.
Found a white marble altar of Elyvilon.
l - 2 dark potions (gained 1)
Found a stone staircase leading up.
You now have 121 gold pieces (gained 12).
You now have 123 gold pieces (gained 2). 2 orcs come into view.
The orc shouts!
An orc comes into view. It is wielding a +0 flail.
Found a stone staircase leading down.
An orc comes into view.
The orc shouts!
You hit the orc. The orc hits you with a +0 mace!
You take 7 damage, and have 15/33 hp.
MASSIVE DAMAGE!!
You closely miss the orc. You hit the orc. The orc hits you.
The orc barely misses you. The orc misses you.
You hit the orc but do no damage. You barely miss the orc.
The orc hits you but does no damage.
You closely miss the orc. x2
You closely miss the orc. You hit the orc. You barely miss the orc.
The orc hits you with a +0 mace. The orc barely misses you.
The orc closely misses you.
You take 3 damage, and have 12/33 hp.
You hit the orc. You barely miss the orc. You hit the orc but do no damage.
The orc closely misses you. x2; The orc hits you.
You take 1 damage, and have 11/33 hp.
You hit the orc but do no damage. You barely miss the orc. You hit the orc.
The orc hits you with a +0 mace!
* * * LOW HITPOINT WARNING * * *
The orc hits you with a +0 flail!
You die...

............#######
(.........#......<# ♣ ,
..................♣♣ ♣♣♣
..........# ##.....♣♣ ♣♣..
..........###.......♣♣♣...
...............≈≈≈...♣...≈
#......#.o##..≈≈≈≈≈.....≈≈
##......ooo...≈≈♣≈≈.....≈≈
*
##..#.##@##..≈≈≈≈≈.....≈≈
##### ####...≈≈≈...♣...≈
##.......♣♣♣... * *
##.....♣♣ ♣♣.. , * *
##.##♣♣ ♣♣♣ , ######.# ♣ ,
#......# * , ######## * #.


You could see 4 orcs.

Vanquished Creatures
  An adder (D:2)
  A worm (D:2)
  3 bats
  A giant cockroach (D:2)
  2 goblins
  7 hobgoblins
  4 jackals (D:1)
  7 kobolds
  A quokka (D:3)
  A ball python (D:2)
  5 rats
33 creatures vanquished.

Notes
Turn   | Place    | Note
-------+----------+-------------------------------------------
     0 | D:1      | Irenicus the Deep Dwarf Monk began the quest for the Orb.
     0 | D:1      | Reached XP level 1. HP: 20/20 MP: 1/1
   146 | D:1      | Reached skill level 4 in Axes
   146 | D:1      | Reached XP level 2. HP: 21/27 MP: 2/2
   481 | D:2      | Found a sparkling altar of Nemelex Xobeh.
   520 | D:2      | Reached XP level 3. HP: 23/33 MP: 3/3
   608 | D:2      | Found an ornate altar of the Wu Jian Council.
   719 | D:2      | Reached skill level 5 in Axes
   856 | D:3      | Found a white marble altar of Elyvilon.
   905 | D:3      | HP: 6/33 [orc/+0 mace (5)]
   905 | D:3      | Slain by an orc

Skill      XL: |  1  2  3 |
---------------+----------+-----
Axes           | 4 5 |  5.1
Fighting       | |  2.6
Dodging        | |  3.2
Stealth        | |  2.4

Action                   || total
-------------------------++-------
Melee: Hand axe          ||   120
Throw: Tomahawk          ||     3
 Stab: Sleeping          ||     4
Armor: Robe              ||     5
       Leather armour    ||    17
Dodge: Dodged            ||    88

Levels and vault maps discovered:
D:1:      psy_arrival_whirlpool, layout_basic
D:2:      cheibrodos_helix_gallery, layout_rooms,
          nicolae_overflow_hidden_temple, first_ration, palyth_stone_intersect,
          nemelex_diamond_rough_becter
D:3:      layout_loops_ring, elyvilon_altar_3, gammafunk_ghost_arena,
          uniq_robin, uniq_grinder, uniq_crazy_yiuf_cottage

Table legend:
 A = Turns spent in this place as a percentage of turns spent in the entire game.
 B = Non-inter-level travel turns spent in this place as a percentage of non-inter-level travel turns spent in the entire game.
 C = Inter-level travel turns spent in this place as a percentage of turns spent in this place.
 D = Turns resting spent in this place as a percentage of non-inter-level travel turns spent in this place.
 E = Turns spent auto-exploring this place as a percentage of non-inter-level travel turns spent in this place.
 F = Non-inter-level travel turns spent in this place divided by the number of levels of this place that you've seen.
                   A       B       C       D       E      F
               +-------+-------+-------+-------+-------+----------------------
         Total | 100.0 | 100.0 |   0.0 |   0.0 |   0.0 | 301.7
       Dungeon | 100.0 | 100.0 |   0.0 |   0.0 |   0.0 | 301.7
               +-------+-------+-------+-------+-------+----------------------

Table legend:
 A = Kills in this place as a percentage of kills in entire the game.
 B = Kills by you in this place as a percentage of kills by you in the entire game.
 C = Kills by friends in this place as a percentage of kills by friends in the entire game.
 D = Other kills in this place as a percentage of other kills in the entire game.
 E = Experience gained in this place as a percentage of experience gained in the entire game.
 F = Experience gained in this place divided by the number of levels of this place that you have seen.
                   A       B       C       D       E      F
               +-------+-------+-------+-------+-------+----------------------
         Total | 100.0 | 100.0 |   N/A |   N/A | 100.0 |  24.7
       Dungeon | 100.0 | 100.0 |   N/A |   N/A | 100.0 |  24.7
               +-------+-------+-------+-------+-------+----------------------
